 Dungeon Crawl Stone Soup version 0.31-a0-190-g4feb4907b2 (webtiles) character file.

Game seed: 8795728707701750441

142 qw the Skirmisher (level 5, 0/29 HPs)
             Began as a Deep Elf Hunter on June 23, 2023.
             Slain by Grinder (4 damage)
             ... on level 4 of the Dungeon.
             The game lasted 00:01:01 (2155 turns).

qw the Skirmisher (Deep Elf Hunter)                 Turns: 2155, Time: 00:01:01

Health: 0/29       AC:  7    Str: 10    XL:     5   Next: 4%
Magic:  7/7        EV: 11    Int: 14    God:
Gold:   144        SH:  0    Dex: 18    Spells: 4/4 levels left

rFire   . . .        Y - +0 shortbow
rCold   . . .        (shield currently unavailable)
rNeg    . . .        g - +0 ring mail
rPois   .            (no helmet)
rElec   .            (no cloak)
rCorr   .            e - +0 pair of gloves
SInv    .            a - +0 pair of boots
Will    .....        d - amulet of regeneration
Stlth   +            (no ring)
HPRegen 1.04/turn    (no ring)
MPRegen 0.10/turn

%: no passive effects
@: no status effects
A: no striking features
a: no special abilities


You were on level 4 of the Dungeon.
You visited 1 branch of the dungeon, and saw 4 of its levels.

You collected 198 gold pieces.
You spent 54 gold pieces at shops.


   Skills:
 - Level 1.5 Fighting
 + Level 8.4 Ranged Weapons
 - Level 2.4 Dodging
 - Level 1.2 Stealth


You had 4 spell levels left.
You didn't know any spells.
Your spell library was empty.

Inventory:

Hand Weapons
 Y - a +0 shortbow (weapon)
Armour
 a - a +0 pair of boots (worn)
 e - a +0 pair of gloves (worn)
 g - a +0 ring mail (worn)
Jewellery
 d - an amulet of regeneration (around neck)
Scrolls
 b - a scroll of identify
 c - a scroll of blinking {unknown}
 j - a scroll of teleportation
Potions
 h - a potion of curing
 k - a potion of brilliance {unknown}

Dungeon Overview and Level Annotations

Branches:
Dungeon (4/15)
 Temple: D:4-7

Altars:
Kikubaaqudgha

Shops:
D:3 [

Annotations:
D:4 Grinder


Message History

Grinder blinks!
You shoot an arrow. The arrow hits Grinder.
Grinder is heavily wounded.
You shoot an arrow. The arrow barely misses Grinder.
Grinder gestures at you. Pain shoots through your body!
You shoot an arrow. The arrow hits Grinder.
Grinder is heavily wounded.
Grinder gestures at you. Pain shoots through your body!
You shoot an arrow.
The arrow hits Grinder but does no damage.
Grinder is heavily wounded.
You shoot an arrow.
The arrow hits Grinder but does no damage.
Grinder is heavily wounded.
Grinder gestures at you. You resist with significant effort.
You shoot an arrow. The arrow hits Grinder.
Grinder is severely wounded.
Grinder hits you.
You shoot an arrow. The arrow hits Grinder.
Grinder is severely wounded.
Grinder barely misses you.
You shoot an arrow. The arrow hits Grinder!
Grinder is almost dead.
Grinder gestures at you.
You suddenly lose the ability to move!
Grinder says, "I used to sell toenails on the black market."
Grinder gestures at you. You resist with significant effort.
Grinder gestures at you. Pain shoots through your body!
You can move again.
You shoot an arrow.
The arrow hits Grinder but does no damage.
Grinder is severely wounded.
Grinder says, "FISH!"
Grinder hits you!
You writhe in agony.
You die...

..................#
.................#
#..............#
##...#.........#
#....##.......##
#...####......##
#%..# #.......##
##..##
#........#####..
#...#
##.....5@.......
#..##
#..............
...#
#......#####...
...# ##....## ##
..## #...### ..#
#... ..## ...#
...#####...
.........


You could see Grinder.

Vanquished Creatures
  An iguana (D:3)
  5 adders
  A worm (D:3)
  4 dart slugs
  6 ball pythons
  2 bats (D:1)
  3 endoplasms
  5 giant cockroaches
  9 goblins
  4 hobgoblins
  3 jackals (D:3)
  2 kobolds
  4 quokkas
  5 frilled lizards (D:1)
  7 rats
61 creatures vanquished.

Notes
Turn   | Place    | Note
-------+----------+-------------------------------------------
     0 | D:1      | qw the Deep Elf Hunter began the quest for the Orb.
     0 | D:1      | Reached XP level 1. HP: 12/12 MP: 3/3
     0 | D:1      | 0 ||| qw: Version: 0.3-a-9-g12657ce
     0 | D:1      | 0 ||| qw: Game counter: 4531
     0 | D:1      | 0 ||| qw: Always use a shield: true
     0 | D:1      | 0 ||| qw: God list: Okawaru
     0 | D:1      | 0 ||| qw: Allow faded altars: false
     0 | D:1      | 0 ||| qw: Do Orc after D:15 true
     0 | D:1      | 0 ||| qw: Do second Lair branch before Depths: true
     0 | D:1      | 0 ||| qw: Lair rune preference: random
     0 | D:1      | 0 ||| qw: Plans: Normal
     0 | D:1      | 0 ||| PLANNING D:1-11
   141 | D:1      | Reached XP level 2. HP: 16/16 MP: 4/4
   158 | D:1      | Found a faded altar of an unknown god.
   162 | D:1      | Reached skill level 6 in Ranged Weapons
   656 | D:1      | 656 ||| UPGRADING to +0 pair of gloves.
   661 | D:1      | 661 ||| UPGRADING to +0 ring mail.
   671 | D:1      | 671 ||| DROPPING +0 leather armour.
   672 | D:1      | 672 ||| READING scroll labelled VAKAKH WISIT.
   675 | D:1      | 675 ||| READING scroll labelled TIR COOJUJEEP.
   676 | D:1      | 676 ||| READING scroll labelled DENTAO SERAGIA.
   677 | D:1      | 677 ||| DROPPING scroll of butterflies.
   749 | D:2      | Found an ancient bone altar of Kikubaaqudgha.
   764 | D:2      | Reached XP level 3. HP: 20/20 MP: 5/5
  1014 | D:2      | Reached skill level 7 in Ranged Weapons
  1263 | D:2      | 1263 ||| READING scroll labelled VAFASKO WONAOLL.
  1264 | D:2      | 1264 ||| READING 4 scrolls of identify.
  1264 | D:2      | 1264 ||| IDENTIFYING glowing black potion
  1265 | D:2      | 1265 ||| READING 3 scrolls of identify.
  1265 | D:2      | 1265 ||| IDENTIFYING fizzy red potion
  1266 | D:2      | 1266 ||| READING 2 scrolls of identify.
  1266 | D:2      | 1266 ||| IDENTIFYING brown potion
  1267 | D:2      | 1267 ||| DROPPING potion of degeneration.
  1268 | D:2      | 1268 ||| DROPPING potion of berserk rage.
  1412 | D:3      | Reached XP level 4. HP: 24/25 MP: 6/6
  1548 | D:3      | Found Barchosost's Armour Emporium.
  1562 | D:3      | Reached skill level 8 in Ranged Weapons
  1568 | D:3      | 1568 ||| BUYING +0 pair of boots (54 gold).
  1568 | D:3      | Bought a +0 pair of boots for 54 gold pieces
  1568 | D:3      | 1568 ||| SHOPLISTING +1 helmet of intelligence (198 gold,
                  | have 96).
  1938 | D:3      | Reached XP level 5. HP: 27/29 MP: 7/7
  2013 | D:3      | 2013 ||| UPGRADING to +0 pair of boots.
  2018 | D:3      | 2018 ||| UPGRADING to amulet of regeneration.
  2023 | D:3      | 2023 ||| DROPPING +6 ring of intelligence.
  2024 | D:3      | 2024 ||| READING scroll labelled FIQEPE QESTEVU.
  2025 | D:3      | 2025 ||| READING 2 scrolls of identify.
  2025 | D:3      | 2025 ||| IDENTIFYING inky potion
  2026 | D:3      | 2026 ||| DROPPING potion of ambrosia.
  2028 | D:3      | 2028 ||| Stepping ~*~*~tactically~*~*~ (cloud).
  2129 | D:4      | Noticed Grinder
  2138 | D:4      | Paralysed by Grinder for 4 turns
  2152 | D:4      | Paralysed by Grinder for 3 turns
  2155 | D:4      | HP: 4/29 [Grinder (8)]
  2155 | D:4      | Slain by Grinder

Levels and vault maps discovered:
D:1:      eino_arrival_cavern_d, layout_loops_cross,
          ebering_ecumenical_altar_abandoned, minmay_misc_feat_square
D:2:      layout_loops_cross, basic_altar
D:3:      layout_basic, serial_shops, shop, grunt_ministairs_2,
          chequers_serial_rivers_large_a
D:4:      gammafunk_cloud_chamber, layout_layer_cave,
          nicolae_qazlal_scattered_showers,
          nicolae_gozag_cash_rules_everything_around_me, minmay_small_thing,
          uniq_grinder, uniq_blork_the_orc, uniq_eustachio

Skill      XL: |  1  2  3  4 |
---------------+-------------+-----
Ranged Weapons | 6 7 8 |  8.4
Fighting       | |  1.5
Dodging        | |  2.4
Stealth        | |  1.2

Action                     |  1- 3 |  4- 6 || total
---------------------------+-------+-------++-------
   Fire: Shortbow          |   118 |    89 ||   207
    Use: Scroll            |     7 |     2 ||     9
 Armour: Leather armour    |     2 |       ||     2
         Ring mail         |     5 |    12 ||    17
  Dodge: Dodged            |    13 |    18 ||    31

Table legend:
 A = Non-vault XP
 B = Vault XP
 C = Vault XP percentage of total XP
 D = Non-vault monster count
 E = Vault monster count
 F = Vault count percentage of total count
                 A         B        C        D         E       F
            +---------+---------+-------+---------+---------+-------
      Total |     162 |      42 |  20.6 |      57 |       4 |   6.6
            +---------+---------+-------+---------+---------+-------
        D:1 |      34 |       0 |   0.0 |      20 |       0 |   0.0
        D:2 |      47 |       0 |   0.0 |      14 |       0 |   0.0
        D:3 |      75 |      42 |  35.9 |      21 |       4 |  16.0
        D:4 |       6 |       0 |   0.0 |       2 |       0 |   0.0
            +---------+---------+-------+---------+---------+-------
